 Dungeon Crawl Stone Soup version 0.27.1-33-g824d729ab1 (webtiles) character file.

Game seed: 13582698793874255648

172 austinbyrn the Shield-Bearer (level 5, -8/33 HPs)
             Began as a Gargoyle Fighter on Dec 14, 2021.
             Killed from afar by an orc wizard (11 damage)
             ... with a puff of flame
             ... on level 3 of the Dungeon on Dec 20, 2021.
             The game lasted 00:06:20 (3008 turns).

austinbyrn the Shield-Bearer (Gargoyle Fighter)     Turns: 3008, Time: 00:06:21

Health: -8/33      AC: 10    Str: 21    XL:     5   Next: 52%
Magic:  5/5        EV:  7    Int:  8    God:
Gold:   56         SH:  9    Dex:  9    Spells: 4/4 levels left

rFire    . . .     SeeInvis .   a - +0 flail
rCold    . . .     Faith    .   c - +0 kite shield
rNeg     + . .     Spirit   .   b - +0 scale mail
rPois    ∞         Reflect  .   (no helmet)
rElec    +         Harm     .   (no cloak)
rCorr    .         Rampage  .   (no gloves)
Will     .....                  (no boots)
Stlth    ..........             (no amulet)
HPRegen  0.11/turn              (no ring)
MPRegen  0.09/turn              (no ring)

@: no status effects
A: sickness immunity, AC +4, negative energy resistance 1, electricity
resistance, torment resistance 1, petrification resistance
a: no special abilities


You were on level 3 of the Dungeon.
You visited 1 branch of the dungeon, and saw 4 of its levels.

You collected 56 gold pieces.

Inventory:

Hand Weapons
 a - a +0 flail (weapon)
Missiles
 j - 3 atropa-tipped darts (quivered)
Armour
 b - a +0 scale mail (worn)
 c - a +0 kite shield (worn)
Scrolls
 f - a scroll of teleportation {unknown}
 h - a scroll of amnesia {unknown}
 i - 2 scrolls of acquirement {unknown}
 k - a scroll of identify {unknown}
 l - a scroll of brand weapon {unknown}
Potions
 d - a potion of might
 g - a potion of degeneration {unknown}


   Skills:
 + Level 4.1 Fighting
 * Level 3.8 Maces & Flails
 - Level 3.2 Armour
 * Level 4.8 Shields


You had 4 spell levels left.
You didn't know any spells.
Your spell library was empty.

Dungeon Overview and Level Annotations

Branches:
Dungeon (4/15)
 Temple: D:4-7

Altars:


Innate Abilities, Weirdness & Mutations

You are immune to sickness and miasma.
Your stone body is resilient. (AC +4)
You are immune to poison.
You resist negative energy. (rN+)
You are resistant to electric shocks. (rElec)
You are resistant to unholy torment.
You are immune to petrification.


Message History

You feel less confused.
An orc wizard appears from thin air!
Reactivating autopickup.
The orc wizard closely misses you.
You feel better. The orc wizard barely misses you.
You sock the orc wizard!
The orc wizard is severely wounded.
The orc wizard hits you but does no damage. x2
Your scale mail prevents you from hitting the orc wizard.
The orc wizard is severely wounded.
The orc wizard gestures at you while chanting.
You are confused.
You bump into the rock wall.
The orc wizard gestures wildly while chanting.
The orc wizard flickers and vanishes!
Deactivating autopickup; reactivate with Ctrl-A.
You completely miss something. Something hits you but does no damage.
Something hits you but does no damage. Something hits you.
You feel less confused.
A magic dart appears from out of thin air!
The magic dart hits you!
* * * LOW HITPOINT WARNING * * *
You block something's attack.
Things that are here:
a +0 robe; a +0 dagger; an orc corpse You barely miss something.
Something hits you but does no damage.
You barely miss something. Something hits you but does no damage.
You hit something. Something hits you but does no damage. Something hits you.
* * * LOW HITPOINT WARNING * * *
You miss something.
You hear some strange, mumbled words.
A puff of flame appears from out of thin air!
The puff of flame hits you.
* * * LOW HITPOINT WARNING * * *
You hit something but do no damage.
You hear some strange, mumbled words.
A puff of flame appears from out of thin air!
The puff of flame hits you!
You die...

#.# #####.....####
######.########
.##..#...#..##
..............# #.
...#...#...#
.####...#####.####..
>.##...##.<# .....##.#
#.....#######....####
..###.#.#
#............... ..#
##..# #..#<..#.# .####
.[####..#####..#.#.#.#.$#
....##.........{@.....#
.##.##...#.###.#.#...##
.##.##...#.......#..##
............##.#.#..#
....###..#..##.#.#..#
............#........
#................##.##
##.###.##..#..####.# .# #
.... .#


There were no monsters in sight!

Vanquished Creatures
  2 orc wizards
  Robin (D:1)
  4 adders
  6 orcs
  4 ball pythons
  7 bats
  4 endoplasms
  2 giant cockroaches (D:1)
  14 goblins
  5 hobgoblins
  3 quokkas
  3 frilled lizards
  6 kobolds
  5 rats
66 creatures vanquished.

Notes
Turn   | Place    | Note
-------+----------+-------------------------------------------
     0 | D:1      | austinbyrn the Gargoyle Fighter began the quest for the
                  | Orb.
     0 | D:1      | Reached XP level 1. HP: 14/14 MP: 1/1
   183 | D:1      | Reached XP level 2. HP: 14/19 MP: 2/2
  1009 | D:2      | Reached XP level 3. HP: 23/23 MP: 3/3
  1155 | D:2      | Noticed Robin
  1268 | D:1      | Killed Robin
  1356 | D:1      | Reached XP level 4. HP: 16/29 MP: 4/4
  1726 | D:2      | You fall into a shaft and drop 2 floors!
  2338 | D:2      | Reached XP level 5. HP: 12/33 MP: 5/5
  3008 | D:3      | Killed from afar by an orc wizard

Illustrated notes

Levels and vault maps discovered:
D:1:      eino_arrival_tree_alley, layout_loops_cross, minmay_fountain_box,
          hangedman_decor_points
D:2:      layout_rooms, guppyfry_early_lair_pool, uniq_robin
D:3:      layout_loops_ring, mainiacjoe_overflow_chevrons,
          dreamdust_ecumenical_altar_sealed_demon, grunt_ministairs_6
D:4:      layout_loops_ring, kennysheep_generic_room_13, uniq_pikel,
          uniq_crazy_yiuf_cottage

Skill      XL: |  1  2  3  4 |
---------------+-------------+-----
Shields        | 4 |  4.8
Maces & Flails | 3 |  3.8
Fighting       | 4 |  4.1
Armour         | |  3.2

Action                   |  1- 3 |  4- 6 || total
-------------------------+-------+-------++-------
Melee: Flail             |   101 |   167 ||   268
  Use: Potion            |       |     2 ||     2
Armor: Scale mail        |    71 |   113 ||   184
Dodge: Dodged            |    43 |    59 ||   102
Block: Kite shield       |    80 |    82 ||   162
